 Dungeon Crawl Stone Soup version 0.23.1 (webtiles) character file.

Game seed: 0

391500 PikkenKukken the Merry Centaur (level 22, -1/202 HPs)
             Began as a Centaur Arcane Marksman on Mar 11, 2019.
             Was the Champion of Okawaru.
             Slain by a phantasmal warrior (7 damage)
             ... on level 2 of the Depths.
             The game lasted 02:34:12 (59267 turns).

PikkenKukken the Merry Centaur (CeAM)              Turns: 59267, Time: 02:34:13

Health: -1/202     AC: 38    Str: 18    XL:     22   Next: 10%
Magic:  18/29      EV: 13    Int: 14    God:    Okawaru [******]
Gold:   3122       SH:  0    Dex: 24    Spells: 19/31 levels left

rFire    + . .     SeeInvis .   a - +8 longbow (velocity)
rCold    x . .     Gourm    .   (shield currently unavailable)
rNeg     . . .     Faith    .   E - +11 storm dragon scales "Acleaj" {rElec Dex+2}
rPois    .         Spirit   .   T - +1 helmet "Qeexzoti" {rC- Dex+4 Slay+3}
rElec    +         Reflect  .   V - +4 cloak "Xoiq" {Str+2 Slay+2}
rCorr    .         Harm     .   O - +2 pair of gloves {Dex+3}
MR       ++...                  B - +2 centaur barding {rF+}
Stlth    ..........             s - amulet of regeneration
HPRegen  0.83/turn              k - ring of protection from magic
MPRegen  0.21/turn              q - +3 ring of slaying

@: portal projectile, very quick
A: large, hooves 3, deformed body, speed 2, tough skin 3
}: 2/15 runes: decaying, gossamer
a: Heroism, Finesse, Renounce Religion, Cancel Portal Projectile


You were on level 2 of the Depths.
You worshipped Okawaru.
Okawaru was exalted by your worship.
You were full.

You visited 9 branches of the dungeon, and saw 41 of its levels.
You also visited: Ice Cave.

You collected 4890 gold pieces.
You spent 1768 gold pieces at shops.

Inventory:

Hand Weapons
 a - a +8 longbow of velocity (weapon)
 b - the +9 lajatang "Kahovuk" {slice, rC+ Stlth+}
   (Okawaru gifted it to you on level 4 of the Swamp)

   It inflicts extra damage upon your enemies.
   It protects you from cold.
   It makes you more stealthy.
Missiles
 d - 447 arrows (quivered)
Armour
 m - a scarf of resistance
 B - a +2 centaur barding of fire resistance (worn)
 E - the +11 storm dragon scales "Acleaj" (worn) {rElec Dex+2}
   (You found it on level 7 of the Dungeon)

   It affects your dexterity (+2).
   It insulates you from electricity.
 O - a +2 pair of gloves of dexterity (worn)
 T - the +1 helmet "Qeexzoti" (worn) {rC- Dex+4 Slay+3}
   (You bought it in a shop on level 1 of the Elven Halls)

   It affects your dexterity (+4).
   It affects your accuracy and damage with ranged weapons and melee attacks
   (+3).
   It makes you vulnerable to cold.
 U - a +1 helmet of see invisible
 V - the +4 cloak "Xoiq" (worn) {Str+2 Slay+2}
   (Okawaru gifted it to you on level 6 of the Lair of Beasts)

   It affects your strength (+2).
   It affects your accuracy and damage with ranged weapons and melee attacks
   (+2).
Jewellery
 k - a ring of protection from magic (left hand)
 n - an uncursed ring of poison resistance
 q - a +3 ring of slaying (right hand)
 s - an amulet of regeneration (around neck)
 X - an uncursed ring of protection from fire
Wands
 y - a wand of digging (10)
 I - a wand of acid (32)
Scrolls
 h - 26 scrolls of remove curse
 l - 7 scrolls of enchant armour
 t - 6 scrolls of vulnerability
 v - 13 scrolls of identify
 w - a scroll of fear
 A - a scroll of holy word
 G - 2 scrolls of magic mapping
 N - 5 scrolls of teleportation
 P - 3 scrolls of fog
 Y - 4 scrolls of blinking
 Z - a scroll of silence
Potions
 c - 7 potions of heal wounds
 e - 6 potions of curing
 g - 5 potions of haste
 o - 3 potions of resistance
 p - 5 potions of brilliance
 u - a potion of berserk rage
 z - 3 potions of agility
 C - 8 potions of invisibility
 H - 11 potions of flight
 J - 6 potions of mutation
 M - 3 potions of magic
 R - 3 potions of might
Comestibles
 f - 56 rations


   Skills:
 + Level 18.0 Fighting
 - Level 10.0 Staves
 O Level 27 Bows
 - Level 5.0 Armour
 + Level 14.4 Dodging
 - Level 5.0 Unarmed Combat
 - Level 5.0 Spellcasting
 - Level 10.0 Hexes
 - Level 10.0 Translocations
 - Level 5.0 Invocations


You had 19 spell levels left.
You knew the following spells:

 Your Spells              Type           Power        Failure   Level  Hunger
a - Corona                Hex            ####...      3%          1    None
b - Blink                 Tloc           N/A          4%          2    ##.....
c - Portal Projectile     Hex/Tloc       ####..       10%         3    ###....
d - Deflect Missiles      Chrm/Air       #.........   100%        6    #######

Your spell library contained the following spells:

 Spells                   Type           Power        Failure   Level  Hunger
 Confusing Touch          Hex            ####..       3%          1    None
 Slow                     Hex            ####....     4%          2    ##.....
 Confuse                  Hex            ####....     10%         3    ###....
 Gell's Gravitas          Tloc           ####......   10%         3    ###....
 Lesser Beckoning         Tloc           ####......   10%         3    ###....
 Teleport Other           Tloc           ####....     10%         3    ###....
 Tukima's Dance           Hex            ####....     10%         3    ###....
 Cause Fear               Hex            ####......   32%         4    ####...
 Passage of Golubria      Tloc           N/A          32%         4    ####...
 Ensorcelled Hibernation  Hex/Ice        ###...       36%         2    ##.....
 Shroud of Golubria       Chrm/Tloc      ###.......   36%         2    ##.....
 Dazzling Spray           Conj/Hex       ###...       61%         3    ###....
 Inner Flame              Hex/Fire       ###.....     61%         3    ###....
 Animate Skeleton         Necr           N/A          90%         1    None
 Beastly Appendage        Tmut           #.....       90%         1    None
 Magic Dart               Conj           #...         90%         1    None
 Sandblast                Erth           #.....       90%         1    None
 Shock                    Conj/Air       #...         90%         1    None
 Sting                    Conj/Pois      #...         90%         1    None
 Force Lance              Conj/Tloc      ###.....     95%         4    ####...
 Fulminant Prism          Conj/Hex       ###.......   95%         4    ####...
 Leda's Liquefaction      Hex/Erth       ###.......   95%         4    ####...
 Call Imp                 Summ           #.......     97%         2    ##.....
 Passwall                 Tmut/Erth      #.......     97%         2    ##.....
 Poisonous Vapours        Pois/Air       #.....       97%         2    ##.....
 Searing Ray              Conj           #.....       97%         2    ##.....
 Sticks to Snakes         Tmut           #.......     97%         2    ##.....
 Conjure Flame            Conj/Fire      #.......     99%         3    ###....
 Ignite Poison            Fire/Tmut/Pois #.......     99%         3    ###....
 Mephitic Cloud           Conj/Pois/Air  #.......     99%         3    ###....
 Spider Form              Tmut/Pois      #.........   99%         3    ###....
 Stone Arrow              Conj/Erth      #.....       99%         3    ###....
 Darkness                 Hex            ####......   99%         6    #######
 Ice Form                 Ice/Tmut       #.......     100%        4    ####...
 Iskenderun's Mystic Bla  Conj           #.......     100%        4    ####...
 Olgreb's Toxic Radiance  Pois           #.......     100%        4    ####...
 Petrify                  Tmut/Erth      #.......     100%        4    ####...
 Sticky Flame             Conj/Fire      #.......     100%        4    ####...
 Blade Hands              Tmut           #.........   100%        5    ######.
 Bolt of Magma            Conj/Fire/Erth #.........   100%        5    ######.
 Borgnjor's Vile Clutch   Necr/Erth      #.........   100%        5    ######.
 Fireball                 Conj/Fire      #.........   100%        5    ######.
 Irradiate                Conj/Tmut      #.........   100%        5    ######.
 Iskenderun's Battlesphe  Conj/Chrm      #.......     100%        5    ######.
 Lee's Rapid Deconstruct  Erth           #.........   100%        5    ######.
 Metabolic Englaciation   Hex/Ice        ###.......   100%        5    ######.
 Summon Mana Viper        Hex/Summ       ###.....     100%        5    ######.
 Venom Bolt               Conj/Pois      #.........   100%        5    ######.
 Yara's Violent Unravell  Hex/Tmut       ###.......   100%        5    ######.
 Bolt of Cold             Conj/Ice       #.........   100%        6    #######
 Bolt of Fire             Conj/Fire      #.........   100%        6    #######
 Death Channel            Necr           #.........   100%        6    #######
 Freezing Cloud           Conj/Ice/Air   #.........   100%        6    #######
 Hydra Form               Tmut           #.........   100%        6    #######
 Iron Shot                Conj/Erth      #.........   100%        6    #######
 Ozocubu's Refrigeration  Ice            #.........   100%        6    #######
 Simulacrum               Ice/Necr       #.........   100%        6    #######
 Statue Form              Tmut/Erth      #........    100%        6    #######
 Dragon Form              Tmut           #.........   100%        7    #######
 Orb of Destruction       Conj           #.........   100%        7    #######
 Ring of Flames           Chrm/Fire      #.........   100%        7    #######
 Spellforged Servitor     Conj/Summ      #.........   100%        7    #######
 Summon Hydra             Summ           #.........   100%        7    #######
 Ignition                 Fire           #.........   100%        8    #######
 Shatter                  Erth           #.........   100%        9    #######


Dungeon Overview and Level Annotations

Branches:
Dungeon (15/15)            Temple (1/1) D:6            Lair (6/6) D:11
  Swamp (4/4) Lair:2       Spider (4/4) Lair:4        Slime (0/5) Lair:6
    Orc (2/2) D:9             Elf (2/3) Orc:2        Vaults (4/5) D:13
  Crypt (0/3) Vaults:2     Depths (3/5) D:15

Altars:
Cheibriados
Dithmenos
Elyvilon
Fedhas
Gozag
Kikubaaqudgha
Nemelex Xobeh
Okawaru
Qazlal
Trog
Uskayaw
Vehumet
Xom
Yredelemnul
Zin
The Shining One
Jiyva

Shops:
D:15 %   Orc:2 ((}[   Elf:1 [   Vaults:1 !   Vaults:2 %

Portals:
Hell: Depths:1 Depths:2 Depths:3
Abyss: Depths:1 Depths:2 Depths:3
Trove: D:10 (give 2 scrolls of acquirement)

Annotations:
D:5 2 transporters, Acheron's ghost, amateur VSWn
D:7 1 runed translucent door, Forgol's ghost, novice GrEE
Elf:2 3 runed translucent doors
Depths:2 1 runed translucent door, P0WERM0DE's ghost, adept DDFi
Depths:3 Boris


Innate Abilities, Weirdness & Mutations

You have hooves in place of feet.
Armour fits poorly on your strangely shaped body.
You cover ground very quickly.
You have extremely tough skin. (AC +3)


Message History

* * * LOW HITPOINT WARNING * * *
The frost giant freezes you!
* * * LOW HITPOINT WARNING * * *
The vampire knight hits you but does no damage.
The vampire knight bites you but does no damage.
You feel much better.
The phantasmal warrior closely misses you.
The frost giant hits you with a +0 battleaxe of freezing!
* * * LOW HITPOINT WARNING * * *
The frost giant freezes you!
* * * LOW HITPOINT WARNING * * *
Firing (i - inventory)
d - 448 arrows (quivered)
Press: ? - help, Shift-Dir - straight line, f/p - frost giant
Aim: a frost giant, wielding a +0 battleaxe of freezing (severely wounded)
You magically shoot an arrow.
The arrow hits the frost giant!
The frost giant is severely wounded.
The vampire knight hits you with a +0 war axe!
* * * LOW HITPOINT WARNING * * *
The vampire knight barely misses you. The phantasmal warrior hits you!
You die...

##.## #..##.≈.#.....#.####..#≈≈≈≈
...# #..##|[(#.....#.# #..#####
.### #...#####.....'.# #......^
.#b≈# #####'#.......### #.......
##≈≈###.............# ########
≈≈≈##.#.#####.......#
≈≈###.#.#≈≈≈#.......#
#####.'.#≈≈≈#..V.[..#
#.##.#≈≈≈#...@...#
#.##.#####..WC...#
#.##.....(.......# ########
####.##......#####'#######.^.....
#.....'.....['...........'.......
#.#..........####..##...##.......
..######.....# #.###.######.....
#####≈##.....# #.# #.##≈≈##.....
≈≈≈#.....# #.# #.#≈≈vv#.....


You could see a frost giant, a vampire knight and a phantasmal warrior.

Vanquished Creatures
  Bai Suzhen (Vaults:3)
  Saint Roka (Vaults:1)
  Nikola (Spider:2)
  A lich (Depths:2)
  Asterion (Depths:2)
  A titan (Depths:1)
  3 thorn hunters
  4 sphinxes
  3 storm dragons
  Roxanne (D:15)
  Donald (Swamp:3)
  A tengu reaver (Depths:1)
  A fire giant (Depths:2)
  7 vault wardens
  A deep elf sorcerer (Vaults:4)
  A balrug (Depths:2)
  Louise (D:15)
  A frost giant (Depths:3)
  Aizul (Swamp:2)
  An iron dragon (Depths:2)
  3 emperor scorpions
  8 ghost moths
  A war gargoyle (Vaults:2)
  14 stone giants
  15 ironheart preservers
  3 entropy weavers
  Nessos (D:15)
  14 very ugly things
  2 deep elf demonologists
  A deep elf annihilator (Vaults:2)
  3 spark wasps
  A deep elf death mage (Vaults:2)
  5 ettins
  Josephine (D:14)
  9 yaktaur captains
  9 fire dragons
  20 ogre magi
  8 vault guards
  3 ice dragons
  21 hydras
  5 great orbs of eyes
  2 ghost crabs
  4 rakshasas
  A spriggan air mage (Depths:3)
  3 shambling mangroves
  7 centaur warriors
  A catoblepas (D:14)
  2 death knights
  17 alligators
  56 two-headed ogres
  15 dancing weapons
  A deep troll earth mage (Vaults:2)
  3 deep troll shamans
  7 tengu warriors
  4 vampire magi
  3 spriggan berserkers (Depths:2)
  An orc high priest (Orc:1)
  Sonja (D:11)
  21 deep elf knights
  13 hell knights
  A fire crab (D:13)
  2 shadow wraiths
  8 deep trolls
  2 sun demons (Depths:2)
  3 skeletal warriors
  A sea snake (shapeshifter) (Vaults:2)
  An unseen horror (D:7)
  11 swamp dragons
  8 ironbrand convokers
  A wizard (Vaults:3)
  12 deep elf archers
  A harpy (shapeshifter) (Vaults:4)
  A wolf spider zombie (D:15)
  A harpy (Vaults:2)
  3 flayed ghosts
  7 necromancers
  2 phantasmal warriors
  29 ugly things
  31 wolf spiders
  20 orb spiders
  10 orc knights
  2 oklob plants (D:11)
  An orc sorcerer (Vaults:1)
  4 cyclopes
  2 stone giant zombies (D:15)
  48 deep elf magi
  A manticore (shapeshifter) (Vaults:1)
  A manticore (D:15)
  11 vault sentinels
  A torpor snail (Lair:5)
  2 guardian serpents (shapeshifter)
  4 elephants (Lair:6)
  Joseph (D:7)
  3 centaur zombies
  3 black mambas
  An eye of devastation (shapeshifter) (Vaults:3)
  A spiny frog (shapeshifter) (Vaults:2)
  24 spiny frogs
  2 gargoyles (D:12)
  3 rime drakes (Lair:6)
  10 komodo dragons
  21 yaktaurs
  16 demonic crawlers
  3 freezing wraiths
  A guardian mummy (D:10)
  4 tengu conjurers
  34 jumping spiders
  2 meliai (shapeshifter)
  A polar bear (shapeshifter) (D:14)
  3 meliai (Spider:3)
  A jumping spider (shapeshifter) (Vaults:4)
  13 tyrant leeches
  14 polar bears
  15 trolls
  24 hornets
  23 slime creatures
  Grinder (D:3)
  A fire dragon zombie (D:15)
  2 bog bodies
  2 dream sheep (Lair:6)
  41 blink frogs
  A raiju (shapeshifter) (Vaults:1)
  3 raiju (Lair:6)
  10 hippogriffs
  A meliai zombie (D:15)
  6 shadows
  7 wraiths
  Sigmund (D:2)
  75 redbacks
  A deep troll skeleton (D:15)
  2 air elementals (Elf:2)
  A spriggan (shapeshifter) (Vaults:2)
  4 water elementals
  14 spriggans
  A fire elemental (Elf:1)
  A hog (shapeshifter) (Vaults:4)
  43 tarantellas
  41 yaks
  A redback (shapeshifter) (Depths:1)
  A golden eye (shapeshifter) (Vaults:3)
  4 wyverns
  6 basilisks
  6 hungry ghosts
  22 humans
  20 vampire mosquitoes
  A basilisk (shapeshifter) (Vaults:1)
  2 steam dragons
  14 swamp worms
  A yaktaur simulacrum (Vaults:1)
  3 soldier ants
  10 wargs
  A swamp worm (shapeshifter) (Depths:2)
  9 insubstantial wisps
  A deep troll zombie (Vaults:4)
  12 hell hounds (Lair:6)
  6 acid dragons
  8 porcupines
  Duvessa (D:3)
  14 water moccasins
  25 orc warriors
  5 ice beasts
  17 swamp drakes
  4 sky beasts
  A sky beast (shapeshifter) (Vaults:3)
  2 phantoms
  2 eyes of draining
  13 black bears
  29 wolves
  18 centaurs
  60 ogres
  A boggart (Vaults:3)
  An elf skeleton (Vaults:4)
  A crocodile (shapeshifter) (Vaults:3)
  8 crocodiles
  4 big kobolds
  An earth elemental (Elf:2)
  22 bullfrogs
  A wyvern zombie (D:15)
  A gnoll sergeant (D:6)
  Dowan (D:3)
  2 troll zombies (D:9)
  4 scorpions
  2 human simulacra (Vaults:4)
  15 killer bees
  18 wights
  6 electric eels
  2 howler monkeys (D:12)
  2 bullfrog zombies
  7 crimson imps
  2 jellies
  8 hounds
  A hound (shapeshifter) (Vaults:2)
  14 orc priests
  2 gnoll shamans
  8 bullfrog skeletons
  4 centaur skeletons
  5 iguanas
  30 orc wizards
  5 polar bear simulacra (D:11)
  10 worker ants
  4 yak simulacra (D:11)
  A killer bee zombie (D:8)
  A wolf simulacrum (D:11)
  4 ogre zombies (D:9)
  A hound zombie (D:5)
  15 gnolls
  15 adders
  A shadow imp (D:5)
  6 white imps (IceCv)
  3 ufetubi (IceCv)
  3 oozes
  A worm (D:3)
  4 dart slugs (D:2)
  6 leopard geckos
  85 orcs
  3 giant cockroaches
  9 goblins
  12 hobgoblins
  6 jackals
  5 quokkas
  2 ball pythons
  7 bats
  6 frilled lizards
  3 goblin zombies (D:9)
  2 hobgoblin skeletons (D:9)
  A hobgoblin zombie (D:9)
  A jackal skeleton (D:4)
  19 kobolds
  2 orc skeletons (D:9)
  11 orc zombies (D:9)
  4 rats
  A river rat simulacrum (D:11)
  A plant (D:11)
1808 creatures vanquished.

Vanquished Creatures (others)
  A spiny frog (shapeshifter) (D:13)
  A sky beast (D:15)
  An ogre (Depths:1)
  A white imp (IceCv)
  4 ufetubi (IceCv)
  5 fungi
  17 plants
  3 withered plants
33 creatures vanquished.

Grand Total: 1841 creatures vanquished

Notes
Turn   | Place    | Note
-------+----------+-------------------------------------------
     0 | D:1      | PikkenKukken the Centaur Arcane Marksman began the quest
                  | for the Orb.
     0 | D:1      | Reached XP level 1. HP: 16/16 MP: 2/2
    28 | D:1      | Reached skill level 3 in Bows
    35 | D:1      | Reached XP level 2. HP: 9/23 MP: 3/3
   784 | D:1      | Reached XP level 3. HP: 24/29 MP: 4/4
  1721 | D:2      | Reached XP level 4. HP: 29/36 MP: 5/5
  2017 | D:2      | Reached skill level 4 in Bows
  2346 | D:2      | Noticed Sigmund
  2377 | D:2      | Killed Sigmund
  2377 | D:2      | Reached skill level 1 in Armour
  2377 | D:2      | Reached XP level 5. HP: 43/45 MP: 6/6
  3035 | D:3      | Reached XP level 6. HP: 51/51 MP: 7/7
  3421 | D:3      | Found a faded altar of an unknown god.
  3436 | D:3      | Reached skill level 5 in Bows
  3944 | D:3      | Noticed Grinder
  3951 | D:3      | Paralysed by Grinder for 2 turns
  3965 | D:3      | HP: 1/51 [Grinder (6)]
  3969 | D:3      | Killed Grinder
  3969 | D:3      | Reached XP level 7. HP: 1/59 MP: 8/8
  4893 | D:3      | Reached skill level 6 in Bows
  5762 | D:4      | Noticed Duvessa
  5784 | D:4      | Noticed Dowan
  6067 | D:4      | Reached XP level 8. HP: 58/67 MP: 9/9
  6134 | D:4      | Found a sparkling altar of Nemelex Xobeh.
  6216 | D:4      | Found a shimmering altar of Xom.
  6216 | D:4      | Found a shimmering altar of Xom.
  6238 | D:3      | Reached skill level 5 in Fighting
  6273 | D:3      | Killed Duvessa
  6273 | D:3      | Reached skill level 7 in Bows
  6276 | D:3      | Killed Dowan
  6592 | D:4      | Found a shimmering altar of Xom.
  6592 | D:4      | Found a shimmering altar of Xom.
  6592 | D:4      | Found a shimmering altar of Xom.
  6596 | D:4      | Found a shimmering altar of Xom.
  6596 | D:4      | Found a shimmering altar of Xom.
  6707 | D:4      | Found a white marble altar of Elyvilon.
  6709 | D:4      | Found a glowing silver altar of Zin.
  6716 | D:4      | Found a glowing golden altar of the Shining One.
  6798 | D:5      | Entered Level 5 of the Dungeon
  7149 | D:5      | Noticed Acheron's ghost (amateur VSWn)
  7215 | D:5      | Found a transporter.
  7219 | D:5      | Found a transporter.
  7400 | D:5      | Reached skill level 8 in Bows
  7810 | D:6      | Reached XP level 9. HP: 56/75 MP: 10/10
  7955 | D:6      | Reached skill level 5 in Dodging
  7982 | D:6      | Reached skill level 9 in Bows
  8045 | D:6      | Paralysed by a kobold for 6 turns
  8211 | D:6      | Found a staircase to the Ecumenical Temple.
  8223 | Temple   | Entered the Ecumenical Temple
  8253 | Temple   | Became a worshipper of Warmaster Okawaru
  8535 | D:6      | Reached skill level 1 in Invocations
  8601 | D:7      | Found a shadowy altar of Dithmenos.
  8610 | D:7      | Noticed a gargoyle
  8699 | D:7      | Found a runed translucent door.
  8700 | D:7      | Noticed Forgol's ghost (novice GrEE)
  8890 | D:7      | Noticed Joseph
  8907 | D:7      | Killed Joseph
  8907 | D:7      | Reached * piety under Okawaru
  8907 | D:7      | Reached skill level 10 in Bows
  9199 | D:7      | Identified a scroll of acquirement
  9319 | D:7      | Found a blossoming altar of Fedhas.
  9343 | D:7      | Reached XP level 10. HP: 84/86 MP: 12/12
  9382 | D:7      | Found a runed translucent door.
  9382 | D:7      | Found a runed translucent door.
  9422 | D:7      | Reached ** piety under Okawaru
  9492 | D:7      | Reached skill level 11 in Bows
  9600 | D:7      | Killed an unseen horror
  9735 | D:7      | Identified the Tome of Ghastly Summoning
  9737 | D:7      | Got crude storm dragon scales
  9945 | D:7      | Identified the +11 storm dragon scales "Acleaj" {rElec
                  | Dex+2} (You found it on level 7 of the Dungeon)
  9959 | D:8      | Noticed a two-headed ogre
  9978 | D:8      | Killed a two-headed ogre
 10201 | D:8      | Reached *** piety under Okawaru
 10425 | D:8      | Reached skill level 12 in Bows
 10433 | D:8      | Found a radiant altar of Vehumet.
 10433 | D:8      | Found an ancient bone altar of Kikubaaqudgha.
 11145 | D:8      | Reached skill level 5 in Armour
 11310 | D:9      | Found a blossoming altar of Fedhas.
 11512 | D:9      | Reached XP level 11. HP: 94/94 MP: 14/14
 11517 | D:9      | Reached **** piety under Okawaru
 11530 | D:9      | Reached skill level 5 in Invocations
 11545 | D:9      | Received a gift from Okawaru
 11701 | D:9      | Found a staircase to the Orcish Mines.
 11898 | D:9      | Reached skill level 13 in Bows
 12055 | D:9      | Noticed a two-headed ogre
 12063 | D:9      | Killed a two-headed ogre
 12304 | D:10     | Entered Level 10 of the Dungeon
 12964 | D:10     | Noticed an ogre mage
 12964 | D:10     | Noticed a two-headed ogre
 13024 | D:10     | Killed a two-headed ogre
 13031 | D:10     | Noticed a two-headed ogre
 13204 | D:9      | Killed a two-headed ogre
 13204 | D:9      | Reached skill level 14 in Bows
 13393 | D:10     | Reached ***** piety under Okawaru
 13453 | D:10     | Found a portal to a secret trove of treasure.
 13468 | D:10     | Received a gift from Okawaru
 13549 | D:10     | Noticed a two-headed ogre
 13558 | D:10     | Killed a two-headed ogre
 13735 | D:10     | Received a gift from Okawaru
 14056 | D:10     | Killed an ogre mage
 14056 | D:10     | Reached XP level 12. HP: 94/105 MP: 13/15
 14236 | D:11     | Reached skill level 15 in Bows
 14383 | D:11     | Noticed a two-headed ogre
 14398 | D:11     | Killed a two-headed ogre
 14460 | D:11     | Noticed a centaur warrior
 14560 | D:11     | Killed a centaur warrior
 14560 | D:11     | Received a gift from Okawaru
 14655 | D:11     | Noticed a two-headed ogre
 14664 | D:11     | Killed a two-headed ogre
 14664 | D:11     | Reached skill level 10 in Fighting
 14757 | D:11     | Noticed Sonja
 14768 | D:11     | Killed Sonja
 15329 | D:11     | Reached skill level 16 in Bows
 15641 | D:11     | Found a staircase to the Lair.
 15701 | Lair:1   | Entered Level 1 of the Lair of Beasts
 16788 | Lair:1   | Reached skill level 17 in Bows
 17389 | Lair:2   | Reached XP level 13. HP: 115/115 MP: 16/16
 17703 | Lair:2   | Received a gift from Okawaru
 18039 | Lair:2   | Found a staircase to the Swamp.
 18665 | Lair:3   | Received a gift from Okawaru
 19510 | Lair:4   | Found a frozen archway.
 19553 | Lair:4   | Received a gift from Okawaru
 19602 | Lair:4   | Learned a level 2 spell: Blink
 19658 | IceCv    | Entered an ice cave
 20363 | Lair:4   | Reached skill level 18 in Bows
 20373 | Lair:4   | Reached skill level 1 in Translocations
 20479 | Lair:4   | Received a gift from Okawaru
 20480 | Lair:4   | Found a hole to the Spider Nest.
 21456 | Lair:5   | Received a gift from Okawaru
 22079 | Lair:6   | Entered Level 6 of the Lair of Beasts
 22436 | Lair:6   | Received a gift from Okawaru
 22441 | Lair:6   | Reached XP level 14. HP: 125/125 MP: 18/18
 22843 | Lair:6   | Received a gift from Okawaru
 22943 | Lair:6   | Received a gift from Okawaru
 22952 | Lair:6   | Reached skill level 19 in Bows
 22957 | Lair:6   | Got a shimmering cloak {god gift}
 22968 | Lair:6   | Identified the +4 cloak "Xoiq" {Str+2 Slay+2} (Okawaru
                  | gifted it to you on level 6 of the Lair of Beasts)
 24127 | Lair:6   | Found a viscous altar of Jiyva.
 24127 | Lair:6   | Found a staircase to the Slime Pits.
 24484 | Orc:1    | Entered Level 1 of the Orcish Mines
 24686 | Orc:1    | Noticed a stone giant
 24694 | Orc:1    | Killed a stone giant
 25117 | Orc:2    | Entered Level 2 of the Orcish Mines
 25145 | Orc:2    | Received a gift from Okawaru
 25145 | Orc:2    | Reached skill level 5 in Translocations
 25173 | Orc:2    | Reached skill level 10 in Dodging
 25190 | Orc:2    | Reached skill level 20 in Bows
 25397 | Orc:2    | Found Foahifed's Gadget Shoppe.
 25424 | Orc:2    | Found Xuido's Antique Weapon Shop.
 25429 | Orc:2    | Found Qunamnen's Antique Armour Emporium.
 25467 | Orc:2    | Reached XP level 15. HP: 134/134 MP: 19/19
 25477 | Orc:2    | Reached ****** piety under Okawaru
 25508 | Orc:2    | Found Emac's Weapon Emporium.
 25554 | Orc:2    | Bought the +12 Vampire's Tooth {vamp} for 960 gold pieces
 25554 | Orc:2    | Found the +12 Vampire's Tooth {vamp}
 25667 | Orc:2    | Bought a pair of ichor-stained gloves for 266 gold pieces
 25677 | Orc:2    | Identified the cursed +0 pair of gloves of Prudence {-Tele
                  | MP+9 Int+2} (You bought it in a shop on level 2 of the
                  | Orcish Mines)
 25820 | Orc:2    | Found a staircase to the Elven Halls.
 26286 | Swamp:1  | Entered Level 1 of the Swamp
 26309 | Swamp:1  | Noticed a thorn hunter
 26727 | D:12     | Reached skill level 1 in Unarmed Combat
 27651 | D:13     | Received a gift from Okawaru
 27839 | D:13     | Got a smoking shortbow {god gift}
 27840 | D:13     | Identified the +6 shortbow "Spiderbane" {freeze, +Fly
                  | Str+3} (Okawaru gifted it to you on level 13 of the
                  | Dungeon)
 28318 | D:13     | Found a gate to the Vaults.
 28455 | D:14     | Noticed Josephine
 28465 | D:14     | Killed Josephine
 29241 | D:14     | Reached skill level 21 in Bows
 29431 | D:15     | Entered Level 15 of the Dungeon
 29513 | D:15     | Received a gift from Okawaru
 29731 | D:15     | Found a staircase to the Depths.
 29970 | D:15     | Noticed Louise
 29987 | D:15     | Killed Louise
 29987 | D:15     | Received a gift from Okawaru
 30224 | D:15     | Found a glowing silver altar of Zin.
 30499 | D:15     | Noticed Nessos
 30505 | D:15     | Killed Nessos
 30547 | D:15     | Found Ycuczu's Food Emporium.
 30875 | D:15     | Received a gift from Okawaru
 30923 | D:15     | Noticed Roxanne
 30972 | D:15     | Killed Roxanne
 31367 | Swamp:1  | Killed a thorn hunter
 31367 | Swamp:1  | Reached XP level 16. HP: 144/144 MP: 17/20
 32175 | Swamp:2  | Reached skill level 5 in Unarmed Combat
 32373 | Swamp:2  | Received a gift from Okawaru
 32739 | Swamp:2  | Noticed Aizul
 32762 | Swamp:2  | Killed Aizul
 32795 | Swamp:2  | Reached skill level 22 in Bows
 33794 | Swamp:3  | Received a gift from Okawaru
 34324 | Swamp:3  | Identified the +1 plate armour "Amyadgh" {rF+ Dex+3} (You
                  | found it on level 3 of the Swamp)
 34512 | Swamp:3  | Learned a level 3 spell: Portal Projectile
 34522 | Swamp:4  | Entered Level 4 of the Swamp
 34707 | Swamp:4  | Identified the Collected Works on Burning Bewitchment
 34712 | Swamp:4  | Noticed Donald
 35252 | Swamp:3  | Killed Donald
 35591 | Swamp:4  | Reached XP level 17. HP: 91/152 MP: 21/21
 36636 | Swamp:4  | Reached skill level 23 in Bows
 37126 | Swamp:4  | Reached skill level 5 in Hexes
 37286 | Swamp:4  | Received a gift from Okawaru
 37307 | Swamp:4  | Got an iridescent lajatang {god gift}
 37308 | Swamp:4  | Identified the +9 lajatang "Kahovuk" {slice, rC+ Stlth+}
                  | (Okawaru gifted it to you on level 4 of the Swamp)
 37425 | Swamp:4  | Got a decaying rune of Zot
 37844 | Vaults:1 | Entered Level 1 of the Vaults
 37919 | Vaults:1 | Reached skill level 1 in Staves
 38009 | Vaults:1 | Found Zoshrea's Distillery.
 38021 | Vaults:1 | Bought a potion of curing for 66 gold pieces
 38021 | Vaults:1 | Bought a potion of heal wounds for 110 gold pieces
 38130 | Vaults:1 | Received a gift from Okawaru
 38421 | Vaults:1 | Paralysed by a great orb of eyes for 7 turns
 38570 | Vaults:1 | Noticed Saint Roka
 38586 | Vaults:1 | Killed Saint Roka
 38895 | Vaults:1 | Received a gift from Okawaru
 39142 | Vaults:1 | Received a gift from Okawaru
 39174 | Vaults:1 | Received a gift from Okawaru
 39750 | Spider:1 | Entered Level 1 of the Spider Nest
 40104 | Spider:1 | Reached XP level 18. HP: 152/162 MP: 22/22
 40624 | Spider:1 | Reached skill level 24 in Bows
 41138 | Spider:2 | Received a gift from Okawaru
 41317 | Spider:2 | Noticed Nikola
 41334 | Spider:2 | Killed Nikola
 41334 | Spider:2 | Reached skill level 15 in Fighting
 42278 | Spider:2 | Identified the cursed +0 chain mail of Zaaligij {MR++
                  | Regen+ rCorr Dex+3} (You found it on level 2 of the Spider
                  | Nest)
 42792 | Spider:3 | Received a gift from Okawaru
 42919 | Spider:3 | Reached skill level 5 in Staves
 43246 | Spider:4 | Entered Level 4 of the Spider Nest
 44038 | Spider:4 | Received a gift from Okawaru
 45326 | Spider:4 | Got a gossamer rune of Zot
 45799 | Vaults:2 | Reached XP level 19. HP: 131/170 MP: 23/23
 45802 | Vaults:2 | Reached skill level 25 in Bows
 46108 | Vaults:2 | Received a gift from Okawaru
 46584 | Vaults:2 | Found a staircase to the Crypt.
 47941 | Vaults:2 | Found Xosehich's Food Boutique.
 47992 | Vaults:2 | Received a gift from Okawaru
 48514 | Vaults:3 | Found a white marble altar of Elyvilon.
 48703 | Vaults:3 | Noticed Bai Suzhen
 48724 | Vaults:3 | Killed Bai Suzhen
 48724 | Vaults:3 | Reached skill level 26 in Bows
 48967 | Vaults:3 | Received a gift from Okawaru
 49227 | Vaults:3 | Received a gift from Okawaru
 49481 | Vaults:3 | Reached XP level 20. HP: 181/181 MP: 24/24
 49959 | Vaults:3 | Identified the +3 chain mail "Unibawag" {rC- rN++ rCorr
                  | Dex+3} (You found it on level 3 of the Vaults)
 50669 | Vaults:4 | Identified the +5 great sword of Gravity {drain, rF+} (You
                  | found it on level 4 of the Vaults)
 50735 | Vaults:4 | Received a gift from Okawaru
 51129 | Vaults:4 | Received a gift from Okawaru
 51133 | Vaults:4 | Paralysed by a sphinx for 2 turns
 51758 | Vaults:4 | Received a gift from Okawaru
 52422 | Vaults:4 | Received a gift from Okawaru
 52988 | Elf:1    | Entered Level 1 of the Elven Halls
 53214 | Elf:1    | Found Tullef's Armour Boutique.
 53218 | Elf:1    | Bought the +1 helmet "Qeexzoti" {rC- Dex+4 Slay+3} for 366
                  | gold pieces
 53411 | Elf:1    | Reached skill level 27 in Bows
 53762 | Elf:1    | Reached XP level 21. HP: 133/190 MP: 27/27
 53944 | Elf:1    | Received a gift from Okawaru
 54112 | Elf:1    | Identified the Guide on the Birds and Sinister Rites
 55117 | Elf:2    | Found a runed translucent gate.
 55118 | Elf:2    | Found a runed translucent gate.
 55118 | Elf:2    | Found a runed translucent gate.
 55274 | Elf:2    | Learned a level 6 spell: Deflect Missiles
 55524 | Depths:1 | Entered Level 1 of the Depths
 55669 | Depths:1 | Found a one-way gate to the infinite horrors of the Abyss.
 55914 | Depths:1 | Identified the cursed +1 chain mail "Ynkalore" {Dex+4} (You
                  | found it on level 1 of the Depths)
 56276 | Depths:1 | Reached skill level 5 in Spellcasting
 56463 | Depths:1 | Reached skill level 10 in Staves
 56723 | Depths:1 | Found a gateway to Hell.
 57082 | Depths:2 | Received a gift from Okawaru
 57083 | Depths:2 | Found the +3 warlock's mirror {reflect}
 57194 | Depths:2 | Noticed Asterion
 57203 | Depths:2 | Killed Asterion
 57460 | Depths:2 | Found a runed translucent door.
 57461 | Depths:2 | Noticed P0WERM0DE's ghost (adept DDFi)
 57558 | Depths:2 | Reached skill level 10 in Hexes
 57566 | Depths:2 | Reached skill level 10 in Translocations
 58251 | Depths:2 | Reached XP level 22. HP: 63/201 MP: 13/29
 59054 | Depths:3 | Noticed Boris
 59265 | Depths:2 | HP: 10/202 [frost giant/+0 battleaxe of freezing (9)]
 59267 | Depths:2 | Slain by a phantasmal warrior

Skill      XL: |  1  2  3  4  5  6  7  8  9 10 11 12 13 14 15 16 17 18 19 20 21 22 |
---------------+-------------------------------------------------------------------+-----
Bows           | 3 4 5 6 8 10 12 14 17 18 20 21 22 23 24 26 27 | 27.0
Fighting       | 2 3 4 6 7 8 9 10 11 12 13 14 15 16 17 18 | 18.0
Dodging        | 2 3 4 5 6 7 8 9 10 11 12 13 14 | 14.4
Armour         | 1 2 3 4 5 |  5.0
Invocations    | 2 4 5 |  5.0
Translocations | 3 5 7 8 10 | 10.0
Spellcasting   | 2 3 4 5 |  5.0
Unarmed Combat | 4 5 |  5.0
Hexes          | 4 6 8 10 | 10.0
Staves         | 3 6 8 9 10 | 10.0

Action                   |  1- 3 |  4- 6 |  7- 9 | 10-12 | 13-15 | 16-18 | 19-21 | 22-24 || total
-------------------------+-------+-------+-------+-------+-------+-------+-------+-------++-------
Melee: Club              |    73 |       |       |       |       |       |       |       ||    73
       Kick              |    22 |    27 |    97 |   270 |   239 |    10 |       |     1 ||   666
       Mace              |    21 |   129 |    31 |       |       |       |       |       ||   181
       Dagger            |       |       |   128 |       |       |       |       |       ||   128
       Rapier            |       |       |   189 |   775 |   408 |     7 |       |       ||  1379
       Punch             |       |       |       |    13 |     7 |       |       |       ||    20
       Shortbow          |       |       |       |     1 |       |       |       |       ||     1
       Quick blade       |       |       |       |       |   167 |       |       |       ||   167
       Lajatang          |       |       |       |       |       |    23 |     2 |       ||    25
       Longbow           |       |       |       |       |       |     2 |       |       ||     2
       Unarmed           |       |       |       |       |       |       |       |     4 ||     4
 Fire: Shortbow          |    35 |    18 |   105 |   375 |   203 |       |       |       ||   736
       Longbow           |       |       |       |       |  1120 |  1912 |  1934 |    84 ||  5050
 Cast: Blink             |       |       |       |       |       |     2 |       |     1 ||     3
       Portal Projectile |       |       |       |       |       |       |    23 |     2 ||    25
Invok: Heroism           |       |       |     2 |    32 |    26 |    11 |       |     1 ||    72
       Finesse           |       |       |       |     1 |     3 |    10 |     2 |       ||    16
Evoke: Wand              |       |       |       |     2 |     1 |       |       |       ||     3
  Use: Scroll            |     4 |     5 |     3 |     4 |    14 |     8 |    15 |     1 ||    54
       Potion            |       |     5 |     4 |       |     2 |     7 |       |     3 ||    21
 Stab: Paralysed         |       |       |       |     2 |       |       |       |       ||     2
  Eat: Chunk             |     2 |     5 |    13 |    24 |    26 |    18 |    12 |     1 ||   101
       Ration            |       |       |     1 |     4 |     4 |     6 |     5 |     2 ||    22
Armor: Robe              |    11 |       |       |       |       |       |       |       ||    11
       Ring mail         |    53 |    72 |   148 |       |       |       |       |       ||   273
       Leather armour    |       |       |     6 |    36 |       |       |       |       ||    42
       Storm dragon scal |       |       |       |   731 |   630 |   802 |   269 |    39 ||  2471
       Swamp dragon scal |       |       |       |       |   121 |       |       |       ||   121
       Chain mail        |       |       |       |       |       |       |    42 |       ||    42
Dodge: Dodged            |    66 |    61 |   190 |   308 |   447 |   396 |   195 |    27 ||  1690
